 Dungeon Crawl Stone Soup version 0.16.1-4-g8e1b745 (console) character file.

92 gw the Ducker (level 4, -7/39 HPs)
             Began as a Deep Elf Artificer on Mar 28, 2015.
             Was an Initiate of Ru.
             Mangled by an orc
             ... wielding a +0 flail of protection
              (8 damage)
             ... on level 5 of the Dungeon.
             The game lasted 00:02:38 (2489 turns).

gw the Ducker (Deep Elf Artificer)                  Turns: 2489, Time: 00:02:38

Health: -7/39      AC:  5    Str: 13    XL:     4   Next: 35%
Magic:  10/10      EV: 13    Int: 17    God:    Ru [......]
Gold:   69         SH:  0    Dex: 16    Spells: 0 memorised, 3 levels left

rFire  . . .     SeeInvis .     a - +0 short sword
rCold  . . .     Clarity  .     e - +0 leather armour
rNeg   . . .     SustAb   .     (no shield)
rPois  .         Gourm    .     g - +0 helmet
rElec  .         Spirit   .     (no cloak)
rCorr  .         Warding  .     (no gloves)
rMut   .         Stasis   .     n - +0 pair of boots
MR     .....                    k - amulet of rage
Stlth  ..........               (no ring)
                                (no ring)

@: berserking (expiring), lethally poisoned (-7 -> -12), very quick, not
resistant to hostile enchantments, extremely unstealthy
A: no striking features
a: Renounce Religion, Evoke Berserk Rage


You were on level 5 of the Dungeon.
You worshipped Ru.
Ru was noncommittal.
You were not hungry.

You visited 1 branch of the dungeon, and saw 5 of its levels.

You collected 69 gold pieces.

Inventory:

Hand weapons
 a - a +0 short sword (weapon)
Armour
 e - a +0 leather armour (worn)
 g - a +0 helmet (worn)
 n - a +0 pair of boots (worn)
Jewellery
 k - an amulet of rage (around neck)
Magical devices
 b - a wand of flame (10)
 c - a wand of enslavement (14)
 d - a wand of random effects (11)
Scrolls
 h - a scroll of amnesia {unknown}
Potions
 i - a potion of restore abilities {unknown}
 m - a potion of curing {unknown}
 o - a potion of brilliance {unknown}
Comestibles
 f - 4 bread rations
 j - a meat ration
 l - a slice of pizza


   Skills:
 + Level 1.7 Fighting
 * Level 3.0 Short Blades
 + Level 3.5 Dodging
 - Level 1.2 Stealth
 - Level 3.2 Evocations


You had 3 spell levels left.
You didn't know any spells.

Dungeon Overview and Level Annotations

Branches:
Dungeon (5/15)
 Temple: D:4-7

Altars:
Ashenzari
Ru

Annotations:
D:2 exclusion: downstairs


Message History

You feel sick. The orc closely misses you. The orc misses you.
The orc hits you but does no damage. x2
Unknown command.
Unknown command.
Unknown command.
Unknown command.
ATTACK MOVE TO (-1,-1)
You barely miss the orc wizard.
The orc wizard is almost dead.
The orc wizard barely misses you. The orc completely misses you.
The orc hits you but does no damage. The orc misses you.
Unknown command.
Unknown command.
Unknown command.
Unknown command.
ATTACK MOVE TO (-1,-1)
You closely miss the orc wizard.
The orc wizard is almost dead.
The orc hits you with a flail of protection!
You die...

#.# .# ..#
#..# .. #..#
.# #..# ##.#
#..###..#
#ooo..#
#eo.<##
#.o...#
#..........
#..........#
#...###.....#
....## ###.##
....# #. ...
..


You could see an orc wizard and 4 orcs.

Table legend:
 A = Turns spent in this place as a percentage of turns spent in the entire game.
 B = Non-inter-level travel turns spent in this place as a percentage of non-inter-level travel turns spent in the entire game.
 C = Inter-level travel turns spent in this place as a percentage of turns spent in this place.
 D = Turns resting spent in this place as a percentage of non-inter-level travel turns spent in this place.
 E = Turns spent auto-exploring this place as a percentage of non-inter-level travel turns spent in this place.
 F = Non-inter-level travel turns spent in this place divided by the number of levels of this place that you've seen.
                   A       B       C       D       E      F
               +-------+-------+-------+-------+-------+----------------------
         Total | 100.0 | 100.0 |   2.1 |   2.1 |   1.5 | 645.8
       Dungeon | 100.0 | 100.0 |   2.1 |   2.1 |   1.5 | 645.8
               +-------+-------+-------+-------+-------+----------------------

Table legend:
 A = Kills in this place as a percentage of kills in entire the game.
 B = Kills by you in this place as a percentage of kills by you in the entire game.
 C = Kills by friends in this place as a percentage of kills by friends in the entire game.
 D = Other kills in this place as a percentage of other kills in the entire game.
 E = Experience gained in this place as a percentage of experience gained in the entire game.
 F = Experience gained in this place divided by the number of levels of this place that you have seen.
                   A       B       C       D       E      F
               +-------+-------+-------+-------+-------+----------------------
         Total | 100.0 | 100.0 | 100.0 |  -nan | 100.0 |  26.4
       Dungeon | 100.0 | 100.0 | 100.0 |  -nan | 100.0 |  26.4
               +-------+-------+-------+-------+-------+----------------------

Vanquished Creatures
  2 adders
  A giant mite (D:2)
  4 worms
  A giant gecko (D:1)
  8 orcs
  2 giant cockroaches (D:2)
  4 goblins
  2 hobgoblins
  A ball python (D:2)
  A bat (D:2)
  7 giant newts
  A quokka (D:4)
  3 rats
37 creatures vanquished.

Vanquished Creatures (collateral kills)
  An orc (D:3)
1 creature vanquished.

Grand Total: 38 creatures vanquished

Notes
Turn   | Place    | Note
--------------------------------------------------------------
     0 | D:1      | gw, the Deep Elf Artificer, began the quest for the Orb.
     0 | D:1      | Reached XP level 1. HP: 11/11 MP: 2/2
   260 | D:1      | Reached skill level 1 in Fighting
   583 | D:2      | Reached XP level 2. HP: 9/16 MP: 5/5
   979 | D:2      | Reached XP level 3. HP: 20/20 MP: 7/7
   990 | D:2      | Found a shattered altar of Ashenzari.
  1409 | D:3      | Found a sacrificial altar of Ru.
  1962 | D:3      | Reached XP level 4. HP: 11/25 MP: 10/10
  2161 | D:3      | Became a worshipper of Ru the Awakened
  2471 | D:5      | Entered Level 5 of the Dungeon
  2485 | D:5      | HP: 1/39 [poisoned by an adder]
  2489 | D:5      | Mangled by an orc

Action                   |  1- 3 |  4- 6 || total
-------------------------+-------+-------++-------
Melee: Short sword       |   136 |    60 ||   196
 Abil: Evoke Berserk Rag |       |     1 ||     1
Evoke: Wand              |    10 |       ||    10
  Use: Scroll            |     2 |       ||     2
 Stab: Sleeping          |     2 |       ||     2
  Eat: Chunk             |     3 |     2 ||     5

Vault maps used:
D:1:      roderic_crop_circles_arrival_small, minmay_misc_feat_tiny,
          minmay_misc_feat_chi, ashenzari_altar_1
D:2:      nicolae_overflow_crystal_walls, nemelex_diamond_rough_becter
D:3:      old_standard_altar
D:4:      lemuel_crystal_altar, minmay_misc_feat_doors
D:5:      first_bread, serial_shops, shop, nicolae_dithmenos_shadow_blocks,
          uniq_grinder
